 Dungeon Crawl Stone Soup version 0.24.0-125-gc4c63601f3 (webtiles) character file.

Game seed: 10880222220806729150, levelgen mode: deterministic

8488 Amplified the Thaumaturge (level 11, -14/69 HPs)
             Began as a Deep Elf Wizard on Feb 29, 2020.
             Was a Believer of Vehumet.
             Demolished by Urug
             ... wielding a +0 great sword
              (18 damage)
             ... on level 12 of the Dungeon on Mar 1, 2020.
             The game lasted 00:41:58 (13543 turns).

Amplified the Thaumaturge (Deep Elf Wizard)        Turns: 13543, Time: 00:42:00

Health: -14/69     AC: 13    Str: 14    XL:     11   Next: 10%
Magic:  27/30      EV: 11    Int: 27    God:    Vehumet [**....]
Gold:   679        SH:  0    Dex: 13    Spells: 19/36 levels left

rFire    + + .     SeeInvis .   B - +1 whip of Wyrd {speed, Fragile rElec rF+ Str+8} (curse)
rCold    . . .     Gourm    .   (no shield)
rNeg     . . .     Faith    .   v - +3 leather armour
rPois    .         Spirit   .   f - +2 helmet
rElec    +         Reflect  .   t - +2 cloak
rCorr    .         Harm     .   A - +0 pair of gloves
MR       +....                  (no boots)
Stlth    ++........             s - amulet of regeneration
HPRegen  0.61/turn              k - ring of protection from fire
MPRegen  0.22/turn              C - +2 ring of intelligence

@: lethally poisoned (-14 -> -81), about to teleport, slowed, drained, very slow
A: no striking features
a: Renounce Religion


You were on level 12 of the Dungeon.
You worshipped Vehumet.
Vehumet was pleased with you.
You were not hungry.

You visited 2 branches of the dungeon, and saw 13 of its levels.

You collected 679 gold pieces.

Inventory:

Hand Weapons
 a - a +1 whip of electrocution
 b - a +0 shortbow of freezing
 h - a +3 mace of protection
 w - a +2 trident of flaming
 B - the cursed +1 whip of Wyrd (weapon) {speed, Fragile rElec rF+ Str+8}
   (You found it on level 7 of the Dungeon)

   Attacks with this weapon are significantly faster.
   It affects your strength (+8).
   It protects you from fire.
   It insulates you from electricity.
   It will be destroyed if unequipped.
   It has a curse placed upon it.
Missiles
 l - 10 poisoned darts (quivered)
 q - 279 arrows
Armour
 f - a +2 helmet (worn)
 t - a +2 cloak (worn)
 v - a +3 leather armour (worn)
 A - a +0 pair of gloves (worn)
Jewellery
 k - a ring of protection from fire (left hand)
 s - an amulet of regeneration (around neck)
 C - a +2 ring of intelligence (right hand)
Wands
 z - a wand of acid (1)
Scrolls
 j - 3 scrolls of immolation
 n - 2 scrolls of enchant weapon
 p - 3 scrolls of identify
 r - 4 scrolls of remove curse
 u - a scroll of teleportation
Potions
 e - 2 potions of brilliance
 i - a potion of mutation
 m - a potion of agility
Comestibles
 d - 15 rations
 o - 2 chunks of flesh


   Skills:
 * Level 8.4(7.3) Fighting
 - Level 2.4(1.5) Dodging
 - Level 2.4(1.5) Stealth
 * Level 13.2(12.0) Spellcasting
 * Level 10.9(9.7) Conjurations
 - Level 1.1(0.2) Summonings
 - Level 1.1(0.2) Translocations


You had 19 spell levels left.
You knew the following spells:

 Your Spells              Type           Power        Failure   Level  Hunger
a - Magic Dart            Conj           ####         1%          1    None
b - Blink                 Tloc           N/A          6%          2    None
c - Call Imp              Summ           ###.....     6%          2    None
d - Conjure Flame         Conj/Fire      #####...     1%          3    None
e - Mephitic Cloud        Conj/Pois/Air  ####....     3%          3    None
f - Slow                  Hex            ###.....     7%          2    None
g - Tukima's Dance        Hex            ###.....     13%         3    None
h - Apportation           Tloc           ###...       4%          1    None

Your spell library contained the following spells:

 Spells                   Type           Power        Failure   Level  Hunger
 Sting                    Conj/Pois      ####         1%          1    None
 Dazzling Spray           Conj/Hex       #####.       1%          3    None
 Animate Skeleton         Necr           N/A          4%          1    None
 Confusing Touch          Hex            ###...       4%          1    None
 Corona                   Hex            ###....      4%          1    None
 Summon Small Mammal      Summ           ###.         4%          1    None
 Ensorcelled Hibernation  Hex/Ice        ###...       7%          2    None
 Confuse                  Hex            ###.....     13%         3    None


Dungeon Overview and Level Annotations

Branches:
Dungeon (12/15)            Temple (1/1) D:6            Lair (0/6) D:8
    Orc: D:9-12

Altars:
Ashenzari
Cheibriados
Dithmenos
Elyvilon
Fedhas
Gozag
Hepliaklqana
Kikubaaqudgha
Makhleb
Nemelex Xobeh
Okawaru
Qazlal
Ru
Sif Muna
Trog
Uskayaw
Vehumet
Wu Jian
Xom
Yredelemnul
Zin
The Shining One

Shops:
D:9 %[

Annotations:
D:9 See Invisble
D:11 Erolcha
D:12 Sonja, Urug


Message History

You are more poisoned.
The red ugly thing closely misses you. Sonja hits you but does no damage.
You are more poisoned.
Sonja hits you with a +1 short sword of venom.
* * * LOW HITPOINT WARNING * * *
You are more poisoned.
Sonja hits you but does no damage.
You are more poisoned.
Urug the Orcish Ballista comes into view.
She is wielding a +0 great sword and wearing a +2 scale mail of poison resistance.
Unknown command.
Unknown command.
Okay, then.
Casting: Blink (safe; 6% risk of failure)
Confirm with . or Enter, or press ? or * to list all spells.
You blink.
* * * LOW HITPOINT WARNING * * *
You feel extremely sick.
Sonja gestures wildly while chanting.
Sonja blinks!
Urug hits you with a +0 great sword!!
You die...

#######
###+#......
#K((...#
#..ยงยง.#
#...K(##
#...uK(## .#
#<...(KK###..##
##+#@.#KK..K...
#..o.#K....$..
#.#....###.(##
#..##..## .# #'
#.## # .. ..#
.. .... ...
..... ....


You could see Urug, a red ugly thing, Sonja, a big kobold and 3 kobolds.

Vanquished Creatures
  Pikel (D:4)
  2 ugly things (D:11)
  A komodo dragon (D:8)
  A merfolk (D:9)
  2 hornets
  A hippogriff (D:8)
  Grinder (D:3)
  3 hungry ghosts
  3 water moccasins
  2 orc warriors
  2 slaves (D:5)
  2 sky beasts
  2 ice beasts
  3 phantoms
  5 ogres
  7 centaurs
  3 big kobolds
  6 bullfrogs
  A wyvern zombie (D:8)
  5 scorpions
  A wyvern skeleton (D:9)
  9 wights
  A howler monkey (D:6)
  7 crimson imps
  2 centaur zombies
  7 orc priests
  A bullfrog zombie (D:6)
  7 hounds
  13 orc wizards
  A centaur skeleton (D:9)
  8 jellies
  Jessica (D:2)
  A bullfrog skeleton (D:6)
  2 iguanas (D:5)
  9 worker ants
  A hound skeleton (D:4)
  3 worker ant zombies
  11 adders
  11 gnolls
  2 oozes
  2 adder skeletons
  A worm (D:2)
  A dart slug (D:1)
  5 leopard geckos
  34 orcs
  A ball python (D:1)
  6 bats
  2 bat zombies (D:2)
  4 giant cockroaches
  17 goblins
  8 hobgoblins
  12 jackals
  14 kobolds
  2 quokkas
  6 frilled lizards
  A leopard gecko skeleton (D:6)
  7 rats
  3 rat zombies (D:2)
277 creatures vanquished.

Vanquished Creatures (collateral kills)
  An orc warrior (D:6)
  A sky beast (D:6)
  A phantom (D:5)
  A crimson imp (D:5)
  An iguana (D:6)
  A worker ant (D:5)
  Robin (D:2)
  4 gnolls
  3 orcs
  A bat (D:2)
  3 goblins (D:2)
  A hobgoblin (D:2)
  2 quokkas
  A kobold (D:8)
  A rat (D:3)
23 creatures vanquished.

Vanquished Creatures (others)
  An orc wizard (D:6)
  3 plants (D:8)
4 creatures vanquished.

Grand Total: 304 creatures vanquished

Notes
Turn   | Place    | Note
-------+----------+-------------------------------------------
     0 | D:1      | Amplified the Deep Elf Wizard began the quest for the Orb.
     0 | D:1      | Reached XP level 1. HP: 10/10 MP: 7/7
   351 | D:1      | Reached XP level 2. HP: 13/16 MP: 7/9
   358 | D:1      | Learned a level 2 spell: Blink
   361 | D:1      | Learned a level 2 spell: Call Imp
   528 | D:1      | Reached skill level 1 in Fighting
   756 | D:1      | Reached XP level 3. HP: 17/20 MP: 7/11
   993 | D:1      | Learned a level 3 spell: Conjure Flame
  1020 | D:2      | Noticed Jessica
  1035 | D:2      | Reached skill level 5 in Spellcasting
  1043 | D:2      | Killed Jessica
  1254 | D:2      | Learned a level 3 spell: Mephitic Cloud
  1518 | D:1      | Reached XP level 4. HP: 23/25 MP: 11/13
  1640 | D:3      | Noticed a centaur
  1644 | D:2      | Noticed a centaur
  1762 | D:2      | Found an ancient bone altar of Kikubaaqudgha.
  1846 | D:2      | Killed a centaur
  1846 | D:2      | Reached XP level 5. HP: 19/30 MP: 1/15
  2146 | D:2      | Learned a level 2 spell: Slow
  2198 | D:2      | Reached skill level 6 in Spellcasting
  2551 | D:2      | Noticed Robin
  2578 | D:2      | Killed Robin
  3012 | D:3      | Noticed a centaur
  3060 | D:4      | Reached XP level 6. HP: 36/36 MP: 14/17
  3125 | D:5      | Entered Level 5 of the Dungeon
  3150 | D:5      | Found a shattered altar of Ashenzari.
  3222 | D:4      | Found a hazy altar of Hepliaklqana.
  3984 | D:3      | Reached skill level 7 in Spellcasting
  4103 | D:3      | Noticed Grinder
  4286 | D:5      | Reached XP level 7. HP: 41/41 MP: 11/19
  4527 | D:5      | Reached skill level 5 in Conjurations
  5020 | D:5      | Reached skill level 8 in Spellcasting
  5343 | D:6      | Reached XP level 8. HP: 48/48 MP: 16/22
  5807 | D:6      | Reached skill level 9 in Spellcasting
  5889 | D:6      | Reached skill level 5 in Fighting
  6157 | D:6      | Found a staircase to the Ecumenical Temple.
  6215 | Temple   | Entered the Ecumenical Temple
  6363 | D:6      | Found an iron altar of Okawaru.
  6718 | D:7      | Reached XP level 9. HP: 37/54 MP: 3/24
  6728 | D:7      | Reached skill level 10 in Spellcasting
  7063 | D:5      | Noticed Pikel
  7112 | D:4      | Killed Pikel
  7385 | D:3      | Killed Grinder
  7858 | D:7      | Reached skill level 11 in Spellcasting
  8342 | D:7      | Got an ancient whip
  8343 | D:7      | Identified the cursed +1 whip of Wyrd {speed, Fragile rElec
                  | rF+ Str+8} (You found it on level 7 of the Dungeon)
  8868 | D:8      | Reached XP level 10. HP: 61/61 MP: 27/27
  8876 | D:8      | Noticed a purple ugly thing
  9043 | D:9      | Found Fijeukhue's Food Shop.
  9053 | D:9      | Found Wuzxario's Armour Emporium.
  9142 | D:10     | Entered Level 10 of the Dungeon
  9551 | D:9      | Reached skill level 12 in Spellcasting
 10036 | D:9      | Found a radiant altar of Vehumet.
 10096 | D:9      | Became a worshipper of Vehumet
 10167 | D:9      | Found a glowing golden altar of the Shining One.
 10640 | D:8      | Reached skill level 10 in Conjurations
 10984 | D:8      | Found a staircase to the Lair.
 11752 | D:10     | Reached * piety under Vehumet
 11752 | D:10     | Offered knowledge of Shock by Vehumet.
 12583 | D:11     | Noticed a cyan ugly thing
 12608 | D:11     | Killed a cyan ugly thing
 12608 | D:11     | Reached skill level 13 in Spellcasting
 12690 | D:11     | Noticed a four-headed hydra
 12715 | D:10     | Reached XP level 11. HP: 68/68 MP: 19/30
 12772 | D:11     | Noticed a green ugly thing
 12793 | D:11     | Killed a green ugly thing
 12825 | D:11     | Noticed a brown ugly thing
 13048 | D:11     | Reached ** piety under Vehumet
 13114 | D:11     | Learned a level 3 spell: Tukima's Dance
 13139 | D:11     | Offered knowledge of Sting by Vehumet.
 13333 | D:11     | Learned a level 1 spell: Apportation
 13416 | D:11     | Noticed Erolcha
 13526 | D:11     | Noticed a red ugly thing
 13532 | D:12     | Noticed Sonja
 13542 | D:12     | Noticed Urug
 13543 | D:12     | Demolished by Urug

Levels and vault maps discovered:
D:1:      minmay_arrival_checkered_box, layout_loops_corners, minmay_unequal
D:2:      layout_rooms, lemuel_zombie_altar_kikubaaqudgha,
          minmay_pentomino_pile, uniq_jessica, uniq_robin
D:3:      layout_rooms, first_ration, uniq_grinder
D:4:      layout_basic, nicolae_overflow_crystal_walls
D:5:      layout_layer_cave, lemuel_round_altar, serial_glass, glass_columns_b,
          glass_columns_b, hex_medium, uniq_pikel
D:6:      layout_loops_ring, kennysheep_okawaru_gauntlet,
          minmay_temple_entry_sparse_star, kennysheep_generic_room_16
D:7:      layout_rooms, minivault_11, chequers_decorated_corner
D:8:      layout_loops_corners, david_lair_shrubbed
D:9:      layout_big_octagon, vehumet_crystals, tso_oasis_becter, serial_shops,
          shop, nicolae_shop_waterfront, hangedman_fish_farm,
          small_statue_intersection
D:10:     layout_roguey
D:11:     layout_stronghold, hiddenorc1_lemuel, uniq_erolcha
D:12:     layout_roguey, drop_trap, minmay_misc_feat_iff,
          palyth_stone_intersect, uniq_urug, uniq_sonja
Temple:   lightli_temple_of_artemis

Skill      XL: |  1  2  3  4  5  6  7  8  9 10 |
---------------+-------------------------------+-----
Fighting       | 1 2 3 4 5 6 8 |  8.4
Conjurations   | 2 3 4 5 7 9 10 | 10.9
Spellcasting   | 5 6 7 8 9 11 13 | 13.2
Dodging        | |  2.4
Stealth        | |  2.4
Summonings     | |  1.1
Translocations | |  1.1

Action                   |  1- 3 |  4- 6 |  7- 9 | 10-12 || total
-------------------------+-------+-------+-------+-------++-------
Melee: Dagger            |    83 |   102 |       |       ||   185
       Unarmed           |     3 |       |       |       ||     3
       Mace              |       |    39 |   278 |       ||   317
       Whip              |       |       |   152 |   551 ||   703
Throw: Dart              |       |     1 |     9 |     5 ||    15
       Throwing net      |       |       |       |     2 ||     2
 Cast: Magic Dart        |    75 |    72 |   180 |   236 ||   563
       Call Imp          |     1 |    11 |    17 |     9 ||    38
       Mephitic Cloud    |       |     9 |    27 |    18 ||    54
       Slow              |       |     1 |     5 |    16 ||    22
       Blink             |       |     2 |     5 |    19 ||    26
       Tukima's Dance    |       |       |       |     1 ||     1
Evoke: Wand              |       |       |    13 |    12 ||    25
  Use: Scroll            |     6 |     8 |     3 |    10 ||    27
       Potion            |     4 |     4 |     3 |     7 ||    18
 Stab: Sleeping          |     1 |     1 |     4 |     3 ||     9
       Confused          |       |     4 |     6 |     3 ||    13
       Held in net/web   |       |       |       |     1 ||     1
  Eat: Chunk             |     2 |     7 |     5 |     8 ||    22
       Ration            |       |     1 |     5 |     4 ||    10
Armor: Robe              |    23 |    79 |    21 |       ||   123
       Skin              |    12 |       |       |       ||    12
       Leather armour    |       |       |   201 |   248 ||   449
Dodge: Dodged            |    83 |   192 |   309 |   272 ||   856
